 Dungeon Crawl Stone Soup version 0.31.0-9-g3a7656b989 (webtiles) character file.

Game seed: 13463599557495367355

88 Gottschkopf the Conjurer (level 4, 0/24 HPs)
             Began as a Deep Elf Conjurer on Jan 27, 2024.
             Was a Believer of Lugonu.
             Killed from afar by Grinder (7 damage)
             ... with a puff of flame
             ... on level 3 of the Dungeon on Jan 28, 2024.
             The game lasted 00:07:37 (1869 turns).

Gottschkopf the Conjurer (Deep Elf Conjurer)        Turns: 1869, Time: 00:07:38

Health: 0/24       AC:  3    Str: 10    XL:     4   Next: 30%
Magic:  7/10       EV: 12    Int: 25    God:    Lugonu [**....]
Gold:   80         SH:  0    Dex: 13    Spells: 6/9 levels left

rFire   . . .        l - +2 dagger (speed)
rCold   . . .        (no shield)
rNeg    . . .        a - +0 robe
rPois   .            (no helmet)
rElec   .            (no cloak)
rCorr   .            (no gloves)
SInv    .            h - +0 pair of boots
Will    .....        (no amulet)
Stlth   ++           q - +6 ring of strength
HPRegen 0.24/turn    (no ring)
MPRegen 0.12/turn

%: no passive effects
@: no status effects
A: no striking features
a: Renounce Religion, Depart the Abyss, Banish


You were on level 3 of the Dungeon.
You worshipped Lugonu.
Lugonu was pleased with you.
You visited 1 branch of the dungeon, and saw 3 of its levels.

You collected 80 gold pieces.

Inventory:

Hand Weapons
 d - a +0 dagger
 l - a +2 dagger of speed (weapon)
Armour
 a - a +0 robe (worn)
 h - a +0 pair of boots (worn)
 p - the +10 chain mail of Fogu {+Inv rCorr Str-4}
   (You found it on level 2 of the Dungeon)

   Str-4:     It affects your strength (-4).
   +Inv:      It lets you turn invisible.
   rCorr:     It protects you from acid and corrosion.
Jewellery
 q - a +6 ring of strength (left hand)
Scrolls
 c - a scroll of poison {unknown}
 e - 7 scrolls of identify {unknown}
 i - a scroll of enchant weapon {unknown}
 j - a scroll of immolation {unknown}
 n - a scroll of acquirement {unknown}
 o - a scroll of revelation {unknown}
Potions
 b - a potion of magic
 f - 3 potions of might {unknown}
 g - a potion of attraction {unknown}
 k - a potion of invisibility {unknown}
 m - a potion of brilliance {unknown}


   Skills:
 + Level 2.5 Dodging
 + Level 2.5 Stealth
 - Level 3.0 Spellcasting
 * Level 6.2 Conjurations
 + Level 0.3 Ice Magic


You had 6 spell levels left.
You knew the following spells:

 Your Spells              Type           Power      Damage    Failure   Level
a - Magic Dart            Conj           100%       1d8       1%          1
b - Searing Ray           Conj           70%        2d7       1%          2

Your spell library contained the following spells:

 Spells                   Type           Power      Damage    Failure   Level
 Sting                    Conj/Alch      76%        1d7       2%          1
 Ensorcelled Hibernation  Hex/Ice        8%         N/A       14%         2
 Lesser Beckoning         Tloc           6%         N/A       16%         2
 Mercury Vapours          Alch/Air       6%         N/A       16%         2
 Fulminant Prism          Conj/Alch      9%         3d7       28%         4
 Iskenderun's Mystic Bla  Conj/Tloc      19%        2d6       28%         4
 Fugue of the Fallen      Necr           3%         N/A       30%         3
 Gell's Gravitas          Tloc           3%         N/A       30%         3
 Teleport Other           Tloc           3%         N/A       30%         3
 Volatile Blastmotes      Fire/Tloc      6%         2d10      30%         3
 Anguish                  Hex/Necr       1%         N/A       69%         4
 Olgreb's Toxic Radiance  Alch           3%         N/A       69%         4
 Sculpt Simulacrum        Ice/Alch       2%         N/A       100%        6
 Ozocubu's Refrigeration  Ice            2%         4d8       100%        7
 Polar Vortex             Ice            2%         N/A       100%        9


Dungeon Overview and Level Annotations

Branches:
Dungeon (3/15)

Altars:
Lugonu

Annotations:
D:3 Grinder


Message History

Confirm with . or Enter, or press ? or * to list all spells.
The magic dart hits the adder.
The adder is severely wounded.
You feel sick. The adder bites you.
You are more poisoned.
The adder poisons you!
Casting: Magic Dart (safe; 1% risk of failure)
Confirm with . or Enter, or press ? or * to list all spells.
The magic dart hits the adder.
The adder is almost dead.
You feel very sick. The adder bites you.
Grinder blinks!
You feel sick. The adder barely misses you.
Casting: Magic Dart (safe; 1% risk of failure)
Confirm with . or Enter, or press ? or * to list all spells.
The magic dart hits the adder!
You kill the adder!
Lugonu accepts your kill.
You feel sick.
You feel sick. Magic courses through your body.
You feel sick.
You start resting.
You feel sick. x2
Grinder is nearby!
Okay, then.
Okay, then.
Casting: Magic Dart (safe; 1% risk of failure)
Confirm with . or Enter, or press ? or * to list all spells.
Aiming: Searing Ray (safe; 1% risk of failure)
Press: ? - help, Shift-Dir - straight line, f - Grinder
Aim: Grinder, carrying a wand of flame (78% to hit)
The searing ray hits Grinder.
Grinder is lightly wounded. (Press . to maintain the ray.)
You feel sick.
Grinder grins, showing sharp teeth.
The searing ray misses Grinder.
You feel sick.
You are no longer poisoned.
Grinder zaps a wand.
The puff of flame hits you!
You die...
Grinder sighs, "Dead already?
I want a refund."

#.........
#.........
#.5.......
#.........#
#.........#
##.........#
#†.........#
#####.#5###...#
#..<#.#..@....#
#.....#########
#..#### #..#
#..# #..# #..#
#..# #..#


You could see Grinder.

Vanquished Creatures
  3 adders
  2 ribbon worms (D:2)
  A dart slug (D:2)
  5 ball pythons
  3 bats
  2 endoplasms (D:1)
  6 giant cockroaches (D:1)
  3 goblins
  5 hobgoblins (D:1)
  7 jackals (D:2)
  2 quokkas
  2 frilled lizards
  5 kobolds
  3 rats
49 creatures vanquished.

Notes
Turn   | Place    | Note
-------+----------+-------------------------------------------
     0 | D:1      | Gottschkopf the Deep Elf Conjurer began the quest for the
                  | Orb.
     0 | D:1      | Reached XP level 1. HP: 10/10 MP: 6/6
   298 | D:1      | Reached XP level 2. HP: 15/15 MP: 6/8
   339 | D:1      | Reached skill level 5 in Conjurations
   418 | D:1      | Learned a level 2 spell: Searing Ray
   741 | D:1      | Reached XP level 3. HP: 19/19 MP: 7/9
   971 | D:1      | Found a faded altar of an unknown god.
   978 | D:1      | Prayed at the altar of an unknown god.
   978 | D:1      | Became a worshipper of Lugonu the Unformed
   978 | D:1      | Reached * piety under Lugonu
  1499 | D:2      | Reached skill level 6 in Conjurations
  1608 | D:2      | Identified the +10 chain mail of Fogu {+Inv rCorr Str-4}
  1664 | D:2      | Reached XP level 4. HP: 24/24 MP: 7/10
  1666 | D:2      | Reached ** piety under Lugonu
  1855 | D:3      | Noticed Grinder
  1869 | D:3      | Killed from afar by Grinder

Illustrated notes

Levels and vault maps discovered:
D:1:      dpeg_arrival_central, layout_rooms,
          dilly_ecumenical_altar_fadedgnrine, minmay_worlds_worst_comb
D:2:      layout_rooms
D:3:      layout_basic, minitemple, uniq_grinder

Skill      XL: |  1  2  3 |
---------------+----------+-----
Conjurations   | 5 6 |  6.2
Dodging        | |  2.5
Stealth        | |  2.5
Spellcasting   | |  3.0
Ice Magic      | |  0.3

Action                     |  1- 3 |  4- 6 || total
---------------------------+-------+-------++-------
  Melee: Dagger            |     2 |       ||     2
   Cast: Magic Dart        |    90 |    14 ||   104
         Searing Ray       |       |     1 ||     1
    Use: Potion            |       |     1 ||     1
 Armour: Robe              |    10 |     5 ||    15
  Dodge: Dodged            |     8 |     2 ||    10
